 Dungeon Crawl Stone Soup version 0.19.5 (webtiles) character file.

471 miragecloak the Insei (level 7, -2/63 HPs)
             Began as a Naga Transmuter on Apr 12, 2017.
             Was an Initiate of Cheibriados.
             Slain by Turgon's ghost (15 damage)
             ... on level 5 of the Dungeon on Apr 13, 2017.
             The game lasted 00:13:06 (5748 turns).

miragecloak the Insei (Naga Transmuter)             Turns: 5748, Time: 00:13:07

Health: -2/63      AC:  2    Str: 13    XL:     7   Next: 9%
Magic:  5/10       EV: 19    Int: 17    God:    Cheibriados [......]
Gold:   233        SH:  3    Dex: 17    Spells: 2 memorised, 6 levels left

rFire  . . .     SeeInvis +       - Unarmed
rCold  . . .     Gourm    .     (armour currently unavailable)
rNeg   . . .     Faith    .     (shield currently unavailable)
rPois  x         Spirit   .     (helmet currently unavailable)
rElec  .         Reflect  +     (cloak currently unavailable)
rCorr  .         Harm     .     (gloves currently unavailable)
MR     .....                    (no barding)
Stlth  ++........               e - +3 amulet of reflection (curse)
                                n - +3 ring of intelligence
                                f - -3 ring of dexterity (curse)

@: spider-form, very slow
A: see invisible, (deformed body), (poison resistance), (slowness 0), slow
metabolism 1, spit poison 1, AC +2
a: Spit Poison, End Transformation, Bend Time, Renounce Religion


You were on level 5 of the Dungeon.
You worshipped Cheibriados.
Cheibriados was noncommittal.
You were very hungry.
You were a venomous arachnid creature.
You visited 2 branches of the dungeon, and saw 6 of its levels.

You collected 233 gold pieces.

Inventory:

Missiles
 a - 55 arrows
Armour
 b - a +0 robe (melded)
Jewellery
 e - a cursed +3 amulet of reflection (around neck)
 f - a cursed -3 ring of dexterity (left front leg)
 n - a +3 ring of intelligence (right front leg)
 o - a cursed -2 ring of evasion {unknown}
Scrolls
 g - 2 scrolls of teleportation
 l - 3 scrolls of remove curse {unknown}
 r - 3 scrolls of identify
 t - a scroll of fear {unknown}
 u - a scroll of amnesia {unknown}
 w - a scroll of enchant weapon
Potions
 h - 2 potions of curing {unknown}
 k - 4 potions of brilliance {unknown}
 m - 2 potions of degeneration {unknown}
 q - a potion of berserk rage {unknown}
 s - a potion of resistance {unknown}
Books
 c - a book of Changes

   Spells                             Type                      Level
   a - Beastly Appendage              Transmutation                1
   b - Sticks to Snakes               Transmutation                2
   c - Spider Form                    Transmutation/Poison         3
   d - Ice Form                       Ice/Transmutation            4
   e - Blade Hands                    Transmutation                5
 v - a book of Conjurations

   Spells                             Type                      Level
   a - Magic Dart                     Conjuration                  1
   b - Searing Ray                    Conjuration                  2
   c - Dazzling Spray                 Conjuration/Hexes            3
   d - Fulminant Prism                Conjuration/Hexes            4
   e - Iskenderun's Mystic Blast      Conjuration                  4
   f - Iskenderun's Battlesphere      Conjuration/Charms           5
Comestibles
 d - 3 bread rations
 i - 5 meat rations


   Skills:
 + Level 3.7 Fighting
 - Level 1.5 Dodging
 + Level 5.6 Unarmed Combat
 - Level 2.0 Spellcasting
 - Level 3.0 Transmutations
 - Level 3.4 Poison Magic


You had 6 spell levels left.
You knew the following spells:

 Your Spells              Type           Power        Failure   Level  Hunger
a - Beastly Appendage     Tmut           ##....       17%         1    #......
b - Spider Form           Tmut/Pois      ##........   36%         3    ###....


Dungeon Overview and Level Annotations

Branches:
Dungeon (5/15)             Temple (1/1) D:4

Altars:
Ashenzari
Cheibriados
Dithmenos
Elyvilon
Fedhas
Gozag
Hepliaklqana
Kikubaaqudgha
Makhleb
Nemelex Xobeh
Okawaru
Qazlal
Ru
Uskayaw
Vehumet
Xom
Yredelemnul
Zin
The Shining One

Annotations:
D:5 Turgon's ghost, amateur OpFi


Innate Abilities, Weirdness & Mutations

You cannot wear boots.
((Your serpentine skin is tough. (AC +2)))
You have supernaturally acute eyesight. (SInv)
((Armour fits poorly on your strangely shaped body.))
((Your system is resistant to poisons. (rPois)))
((You cover ground very slowly.))
You have a slow metabolism.
You can spit poison.


Message History

Turgon's ghost shouts, "There is no future for me!"
Turgon's ghost hits you! Turgon's ghost freezes you.
You block the crimson imp's attack.
Casting: Spider Form
Confirm with . or Enter, or press ? or * to list all spells.
You fail to extend your transformation any further.
Turgon's ghost hits you. Turgon's ghost freezes you.
The crimson imp barely misses you. You block Turgon's ghost's attack.
You see here a scroll of teleportation.
The crimson imp blinks!
The crimson imp closely misses you. Turgon's ghost hits you!
* * * LOW HITPOINT WARNING * * *
Turgon's ghost freezes you.
* * * LOW HITPOINT WARNING * * *
The crimson imp blinks!
The crimson imp blinks!
The quokka barely misses you. Turgon's ghost hits you!
You die...

#<......# # #######.## ##
##...## .# ##.#.#.##
.#######.##.##.##
.##......##.###.## ##########
.##.###......5...###......?..
# .##.#
#...#.###..r...?...####.#
.##># ##........sW.......#...
.##.#
##...#.######...?.#.##.##
.##.#####....# #..#........#
.#.........### #..#.##.....#
.#..#####..# #..#.# .....#
.#..#####..# #..... .....#
...........# #..... .....#
#..........### ####.##...#.#
##..####.....# #.# #.##.#


You could see Turgon's ghost, a crimson imp and a quokka.

Vanquished Creatures
  A centaur (D:5)
  A scorpion (D:4)
  2 orc wizards
  Ijyb (D:2)
  An iguana (D:4)
  A worker ant (D:4)
  A worker ant zombie (D:5)
  5 adders
  4 gnolls (D:2)
  2 worms
  4 dart slugs
  4 leopard geckos
  8 orcs
  A ball python (D:2)
  8 giant cockroaches
  7 goblins
  14 hobgoblins
  10 jackals
  9 bats
  3 frilled lizards
  4 kobolds
  A leopard gecko skeleton (D:4)
  6 rats
98 creatures vanquished.

Notes
Turn   | Place    | Note
-------+----------+-------------------------------------------
     0 | D:1      | miragecloak the Naga Transmuter began the quest for the Orb.
     0 | D:1      | Reached XP level 1. HP: 18/18 MP: 3/3
   468 | D:1      | Reached XP level 2. HP: 25/25 MP: 3/5
   998 | D:1      | Reached skill level 4 in Unarmed Combat
  1169 | D:1      | Reached XP level 3. HP: 30/31 MP: 4/6
  1199 | D:1      | Learned a level 3 spell: Spider Form
  1346 | D:1      | Reached skill level 1 in Poison Magic
  2041 | D:2      | Reached XP level 4. HP: 7/38 MP: 7/7
  3572 | D:2      | Reached XP level 5. HP: 33/44 MP: 5/8
  3645 | D:2      | Found a blossoming altar of Fedhas.
  3729 | D:2      | Noticed Ijyb
  3740 | D:2      | Killed Ijyb
  4387 | D:3      | Reached XP level 6. HP: 51/52 MP: 5/9
  4546 | D:4      | Reached skill level 5 in Unarmed Combat
  4665 | D:4      | Found a staircase to the Ecumenical Temple.
  4677 | Temple   | Entered the Ecumenical Temple
  4774 | Temple   | Became a worshipper of Cheibriados the Contemplative
  5405 | D:5      | Entered Level 5 of the Dungeon
  5487 | D:5      | Found a glowing golden altar of the Shining One.
  5498 | D:5      | Reached XP level 7. HP: 27/63 MP: 6/10
  5728 | D:5      | Noticed Turgon's ghost (amateur OpFi)
  5748 | D:5      | Slain by Turgon's ghost

Skill      XL: |  1  2  3  4  5  6 |
---------------+-------------------+-----
Unarmed Combat | 4 5 |  5.6
Poison Magic   | 2 3 |  3.4
Transmutations | 3 |  3.0
Fighting       | 2 3 |  3.7
Dodging        | |  1.5
Spellcasting   | |  2.0

Action                   |  1- 3 |  4- 6 |  7- 9 || total
-------------------------+-------+-------+-------++-------
Melee: Unarmed           |   174 |   187 |    23 ||   384
       Headbutt          |     4 |       |     5 ||     9
       Punch             |     1 |     1 |       ||     2
 Cast: Beastly Appendage |    21 |     3 |     1 ||    25
       Spider Form       |       |    33 |     3 ||    36
  Use: Scroll            |     2 |     3 |       ||     5
       Potion            |       |     2 |       ||     2
  Eat: Chunk             |     3 |    10 |       ||    13
       Beef jerky        |       |     1 |     1 ||     2
Armor: Robe              |    27 |    10 |     1 ||    38
       Skin              |       |    10 |       ||    10
Dodge: Dodged            |   104 |   153 |    16 ||   273
Block: Other             |    12 |    16 |     5 ||    33
       Reflection        |       |     1 |       ||     1
